 Dungeon Crawl Stone Soup version 0.30.1 (webtiles) character file.

Game seed: 7644737762851207913

3570 Destapler the Cleaver (level 9, -6/78 HPs)
             Began as a Minotaur Fighter on July 1, 2023.
             Was a Believer of Ru.
             Killed by vampiric draining
             ... invoked by a vampire
              (16 damage)
             ... on level 9 of the Dungeon.
             The game lasted 00:21:08 (7148 turns).

Destapler the Cleaver (Minotaur Fighter)            Turns: 7148, Time: 00:21:09

Health: -6/78      AC: 16    Str: 28    XL:     9   Next: 84%
Magic:  0/8        EV: 11    Int:  3    God:    Ru [**....]
Gold:   440        SH:  0    Dex: 13    Spells: 8/8 levels left

rFire   + . .        a - +0 war axe
rCold   . . .        c - +0 buckler
rNeg    . . .        o - +5 chain mail {rF+}
rPois   .            (helmet restricted)
rElec   .            (no cloak)
rCorr   .            x - +0 pair of gloves
SInv    .            (no boots)
Will    .....        n - amulet of guardian spirit Stlth
                     (no ring)
HPRegen 0.33/turn    (no ring)
MPRegen 0.11/turn

%: guardian spirit
@: confused
A: horns 2, hated by all, no fire magic, no hexes magic, no necromancy magic,
retaliatory headbutt, agile 1, strong 1, sturdy frame 1
a: Renounce Religion, Sacrifice Health, Sacrifice Skill, Sacrifice Stealth,
Reject Sacrifices


You were on level 9 of the Dungeon.
You worshipped Ru.
Ru was pleased with you.
You visited 1 branch of the dungeon, and saw 9 of its levels.

You collected 440 gold pieces.

Inventory:

Hand Weapons
 a - a +0 war axe (weapon)
 w - a +2 dagger of venom
Missiles
 m - 78 stones (quivered)
 r - 34 poisoned darts
 y - 2 throwing nets
 z - 4 boomerangs
Armour
 c - a +0 buckler (worn)
 o - a +5 chain mail of fire resistance (worn)
 x - a +0 pair of gloves (worn)
Jewellery
 n - an amulet of guardian spirit (around neck)
Wands
 s - a wand of flame (14)
 C - a wand of digging (4)
Scrolls
 b - 2 scrolls of amnesia {unknown}
 e - a scroll of enchant armour
 f - a scroll of magic mapping {unknown}
 p - 2 scrolls of teleportation {unknown}
 q - a scroll of fog {unknown}
 u - 2 scrolls of noise {unknown}
 A - a scroll of identify
 B - a scroll of immolation {unknown}
 D - a scroll of poison {unknown}
Potions
 d - 2 potions of lignification {unknown}
 g - 3 potions of berserk rage {unknown}
 h - 3 potions of mutation
 i - 2 potions of cancellation
 j - 7 potions of curing {unknown}
 k - 5 potions of flight {unknown}
 l - 6 potions of degeneration {unknown}
 t - 3 potions of attraction
 v - 3 potions of heal wounds {unknown}


   Skills:
 + Level 6.7 Fighting
 + Level 11.8 Axes
 + Level 4.0 Throwing
 + Level 6.0 Armour
 + Level 4.9 Dodging
 + Level 6.0 Shields
 + Level 2.4 Evocations


You had 8 spell levels left.
You didn't know any spells.
Your spell library contained the following spells:

 Spells                   Type           Power      Damage    Failure   Level
 Lee's Rapid Deconstruct  Erth           0%         3d4*      100%        5
 Statue Form              Tmut/Erth      0%         N/A       100%        6
 Dragon Form              Tmut           0%         N/A       100%        7
 Slow                     Hex            Unusable   N/A       N/A         1
 Confusing Touch          Hex            Unusable   N/A       N/A         3
 Vampiric Draining        Necr           Unusable   2d6       N/A         3
 Cause Fear               Hex            Unusable   N/A       N/A         4
 Leda's Liquefaction      Hex/Erth       Unusable   N/A       N/A         4
 Dragon's Call            Summ           Unusable   N/A       N/A         9

Dungeon Overview and Level Annotations

Branches:
Dungeon (9/15)             Temple (0/1) D:7
   Lair: D:8-11         Orc: D:9-12

Altars:
Ashenzari
Makhleb
Okawaru
Ru
Trog
Vehumet


Innate Abilities, Weirdness & Mutations

You have a pair of horns on your head.
You are hated by all.
You cannot study or cast Fire magic.
You cannot study or cast Hexes magic.
You cannot study or cast Necromancy magic.
You reflexively headbutt those who attack you in melee.
You are agile. (Dex +4, Str/Int -1)
Your muscles are strong. (Str +4, Int/Dex -1)
Your movements are slightly less encumbered by armour. (ER -2)


Message History

Something hits you but does no damage. Something bites you.
* * * LOW HITPOINT WARNING * * *
Something draws strength from your injuries!
You barely miss something. Something hits you but does no damage.
Something bites you.
* * * LOW HITPOINT WARNING * * *
Something draws strength from your injuries!
You barely miss something. You headbutt something. Something barely misses you.
Something bites you but does no damage.
You slash something! Your headbutt misses something.
Something hits you but does no damage. Something bites you.
* * * LOW HITPOINT WARNING * * *
Something draws strength from your injuries!
You hit something but do no damage. You headbutt something.
Something draws life force from you.
* * * LOW HITPOINT WARNING * * *
You completely miss something. Your headbutt misses something.
You hear some strange, mumbled words.
You are confused.
You barely miss something. Something draws life force from you!
* * * LOW HITPOINT WARNING * * *
You're too confused to move!
Something hits you.
* * * LOW HITPOINT WARNING * * *
You focus your inner power and illuminate something in retribution!
The vampire misses you.
The vampire hits you but does no damage.
The vampire bites you.
* * * LOW HITPOINT WARNING * * *
The vampire draws strength from your injuries!
The vampire hits you!
* * * LOW HITPOINT WARNING * * *
The vampire bites you but does no damage.
You hit the vampire. Your headbutt misses the vampire.
The vampire is heavily damaged.
The vampire gestures at you while chanting.
You are more confused.
You're too confused to move!
The vampire completely misses you. The vampire barely misses you.
You're too confused to move!
The vampire draws life force from you!!
You die...

#..# #.... #..# #....
...# #..# #.... #...
#..# ##.... #...# #..#
#..... #...
#..#####..... #...###
#....#....... #.#...##
#............
#...V@####............
#.......######........
##.......## ####.....
####.$...######......
#..................
##................#
#.......###....###
#...##### ######
#.####


You could see a vampire (invisible, corona).

Vanquished Creatures
  Sigmund (D:5)
  A vampire (D:8)
  Grum (D:8)
  2 steam dragons (D:8)
  2 water moccasins
  An ice beast (D:7)
  2 orc warriors
  2 ogres
  3 wolves (D:8)
  A phantom (D:4)
  2 kobold brigands
  3 bullfrogs
  2 scorpions
  10 wights
  A howler monkey (D:7)
  3 hounds
  4 jellies
  A gnoll bouda (D:7)
  4 orc priests
  Terence (D:2)
  3 iguanas
  8 orc wizards
  Robin (D:2)
  8 gnolls
  10 adders
  2 worms (D:3)
  2 dart slugs
  25 orcs
  7 ball pythons
  2 bats
  3 endoplasms
  6 giant cockroaches
  15 goblins
  9 hobgoblins
  2 jackals (D:4)
  20 kobolds
  4 quokkas
  A ball python skeleton (D:3)
  2 frilled lizards
  5 rats
182 creatures vanquished.

Vanquished Creatures (others)
  A wight (D:8)
  2 orc wizards
  2 orcs (D:8)
5 creatures vanquished.

Grand Total: 187 creatures vanquished

Notes
Turn   | Place    | Note
-------+----------+-------------------------------------------
     0 | D:1      | Destapler the Minotaur Fighter began the quest for the Orb.
     0 | D:1      | Reached XP level 1. HP: 19/19 MP: 0/0
    95 | D:1      | Reached XP level 2. HP: 27/27 MP: 1/1
   221 | D:1      | Reached skill level 3 in Axes
   988 | D:2      | Found a sacrificial altar of Ru.
  1012 | D:2      | Noticed Terence
  1020 | D:2      | Killed Terence
  1021 | D:2      | Reached XP level 3. HP: 33/33 MP: 2/2
  1044 | D:2      | Became a worshipper of Ru the Awakened
  1198 | D:2      | Reached XP level 4. HP: 40/40 MP: 3/3
  1307 | D:2      | Noticed Robin
  1313 | D:2      | Reached skill level 4 in Axes
  1319 | D:2      | Killed Robin
  1848 | D:3      | Found an iron altar of Okawaru.
  1881 | D:3      | Reached XP level 5. HP: 42/47 MP: 4/4
  1890 | D:3      | Gained mutation: You are hated by all. [Ru sacrifice]
  1890 | D:3      | Reached * piety under Ru
  1963 | D:3      | Found a faded altar of an unknown god.
  2457 | D:4      | Noticed a phantom
  2464 | D:4      | Killed a phantom
  2465 | D:4      | Reached skill level 1 in Dodging
  2465 | D:4      | Reached skill level 1 in Evocations
  2466 | D:4      | Reached XP level 6. HP: 53/53 MP: 5/5
  2474 | D:4      | Reached skill level 5 in Axes
  2677 | D:4      | Reached skill level 1 in Throwing
  2850 | D:4      | Reached skill level 5 in Fighting
  2850 | D:4      | Reached skill level 5 in Armour
  2850 | D:4      | Reached skill level 5 in Shields
  3130 | D:5      | Entered Level 5 of the Dungeon
  3408 | D:5      | Reached XP level 7. HP: 30/61 MP: 2/6
  3435 | D:5      | Reached skill level 6 in Axes
  3794 | D:5      | Noticed Sigmund
  3801 | D:5      | Killed Sigmund
  3972 | D:5      | Found a broken altar of Ashenzari.
  4272 | D:2      | Gained mutation: Your skin changes colour to match your
                  | surroundings (Stealth+). [potion of mutation]
  4272 | D:2      | Gained mutation: Your flesh is heat resistant. (rF+)
                  | [potion of mutation]
  4273 | D:2      | Lost mutation: Your skin changes colour to match your
                  | surroundings (Stealth+). [potion of mutation]
  4273 | D:2      | Lost mutation: Your flesh is heat resistant. (rF+) [potion
                  | of mutation]
  4273 | D:2      | Gained mutation: Your movements are slightly less
                  | encumbered by armour. (ER -2) [potion of mutation]
  4273 | D:2      | Gained mutation: Your muscles are strong. (Str +4, Int/Dex
                  | -1) [potion of mutation]
  4273 | D:2      | Gained mutation: You are agile. (Dex +4, Str/Int -1)
                  | [potion of mutation]
  4432 | D:5      | Reached XP level 8. HP: 41/70 MP: 5/7
  4625 | D:6      | Reached skill level 7 in Axes
  4742 | D:6      | Gained mutation: You cannot study or cast Fire magic. [Ru
                  | sacrifice]
  4742 | D:6      | Gained mutation: You cannot study or cast Hexes magic. [Ru
                  | sacrifice]
  4742 | D:6      | Gained mutation: You cannot study or cast Necromancy magic.
                  | [Ru sacrifice]
  4742 | D:6      | Reached ** piety under Ru
  4855 | D:6      | Reached skill level 8 in Axes
  5434 | D:7      | Found a staircase to the Ecumenical Temple.
  5439 | D:7      | Reached skill level 9 in Axes
  5475 | D:7      | Reached skill level 10 in Axes
  5794 | D:7      | Reached XP level 9. HP: 75/75 MP: 8/8
  5875 | D:7      | Reached skill level 11 in Axes
  5920 | D:7      | Found a bloodstained altar of Trog.
  5920 | D:7      | Found a radiant altar of Vehumet.
  5934 | D:7      | Found a burning altar of Makhleb.
  6451 | D:8      | Identified the +3 leather armour of the Lotus Blossom
                  | {*Slow Will+ Dex+4}
  6614 | D:8      | Noticed Grum
  6637 | D:8      | Killed Grum
  6867 | D:8      | Identified the +0 morningstar of Distraction {antimagic,
                  | rElec rCorr}
  7148 | D:9      | Killed from afar by a vampire

Illustrated notes

Levels and vault maps discovered:
D:1:      beargit_arrival_diablo_church, layout_basic, serial_corexii_hall,
          corexii_hall_statues_l, corexii_hall_statues_deadend,
          chequers_hall_statues_wall_a, chequers_hall_statues_wall_a,
          serial_bayou_ford_a, st_stairs_5
D:2:      layout_basic, basic_altar, minmay_statues_item,
          chequers_serial_rivers_large_b, uniq_robin, uniq_terence
D:3:      layout_basic, okawaru_gym_becter, dilly_ecumenical_altar_fadedgnrine,
          serial_undead, serial_undead_e, serial_undead_b, serial_undead_c,
          serial_undead_e, minmay_misc_feat_diagonals
D:4:      layout_cave_pools
D:5:      layout_basic, mainiacjoe_overflow_catwalk, uniq_sigmund
D:6:      layout_basic
D:7:      layout_cave_pods, makhleb_heckhound_becter,
          mainiacjoe_overflow_big_doors, minmay_temple_entry_arrows
D:8:      layout_rooms, uniq_grum
D:9:      layout_layer_cave, grunt_lair_entry_orc_guard_hut

Skill      XL: |  1  2  3  4  5  6  7  8  9 |
---------------+----------------------------+-----
Axes           | 3 4 5 6 10 11 | 11.8
Fighting       | 4 5 6 |  6.7
Armour         | 4 5 6 |  6.0
Shields        | 4 5 6 |  6.0
Dodging        | 1 4 |  4.9
Evocations     | 1 2 |  2.4
Throwing       | 1 3 4 |  4.0

Action                     |  1- 3 |  4- 6 |  7- 9 || total
---------------------------+-------+-------+-------++-------
  Melee: War axe           |    63 |   149 |   290 ||   502
         Headbutt          |     7 |    23 |    59 ||    89
  Throw: Stone             |     6 |     2 |       ||     8
 Invoke: Sacrifice Love    |       |     1 |       ||     1
         Sacrifice Arcana  |       |       |     1 ||     1
  Evoke: Wand              |       |       |     2 ||     2
    Use: Potion            |     1 |       |     3 ||     4
         Scroll            |       |     1 |     3 ||     4
   Stab: Invisible         |       |       |     2 ||     2
 Armour: Scale mail        |    25 |       |       ||    25
         Chain mail        |     1 |   100 |   145 ||   246
  Dodge: Dodged            |    32 |    66 |   104 ||   202
  Block: Buckler           |    12 |    32 |    51 ||    95
